 Dungeon Crawl Stone Soup version 0.22-a0-612-gd2f0174 (webtiles) character file.

17054 Amnesiac the Destroyer (level 12, -18/74 HPs)
             Began as a Mummy Wizard on July 12, 2018.
             Was a High Priest of Sif Muna.
             Demolished by a skeletal warrior
             ... wielding a +0 scimitar
             ... led by a skeletal warrior
              (21 damage)
             ... on level 12 of the Dungeon.
             The game lasted 00:40:31 (15711 turns).

Amnesiac the Destroyer (Mummy Wizard)              Turns: 15711, Time: 00:40:32

Health: -18/74     AC: 13    Str: 11    XL:     12   Next: 15%
Magic:  0/36       EV: 12    Int: 26    God:    Sif Muna [*****.]
Gold:   617        SH:  0    Dex: 10    Spells: 11/34 levels left

rFire    + + .     SeeInvis .   s - +3 Elemental Staff {rElec rF++ rC++ MR++ AC+5}
rCold    + + +     Gourm    .   (no shield)
rNeg     + + +     Faith    .   p - +2 robe {rF+}
rPois    ∞         Spirit   +   e - +0 helmet
rElec    +         Reflect  .   k - scarf {Spirit}
rCorr    .         Harm     .   u - +1 pair of gloves
MR       +++..                  o - +0 pair of boots
Stlth    ++........             (no amulet)
HPRegen  0.22/turn              z - +4 ring of intelligence
MPRegen  0.25/turn              v - ring of magical power

@: no casting
A: no food or potions, fire vulnerability, cold resistance 1, negative energy
resistance 3, torment resistance, unbreathing
a: Stop Divine Energy, Channel Magic, Forget Spell, Renounce Religion


You were on level 12 of the Dungeon.
You worshipped Sif Muna.
Sif Muna was extremely pleased with you.
You were not hungry.

You visited 1 branch of the dungeon, and saw 12 of its levels.

You collected 617 gold pieces.

Inventory:

Hand Weapons
 s - the +3 Elemental Staff (weapon) {rElec rF++ rC++ MR++ AC+5}
   (You took it off an orc priest on level 9 of the Dungeon)

   It affects your AC (+5).
   It greatly protects you from fire.
   It greatly protects you from cold.
   It insulates you from electricity.
   It affects your resistance to hostile enchantments.
 x - a +4 spear of venom
Armour
 b - a +0 shield
 c - a scarf of resistance
 e - a +0 helmet (worn)
 k - a scarf of spirit shield (worn)
 o - a +0 pair of boots (worn)
 p - a +2 robe of fire resistance (worn)
 r - a scarf of cloud immunity
 u - a +1 pair of gloves (worn)
Jewellery
 n - an uncursed ring of flight
 v - a ring of magical power (right hand)
 z - a +4 ring of intelligence (left hand)
Wands
 a - a wand of random effects (37)
 d - a wand of polymorph (15)
 g - a wand of enslavement (23)
 m - a wand of paralysis (19)
 t - a wand of flame (65)
Scrolls
 f - 4 scrolls of identify {!r}
 h - 3 scrolls of remove curse {!r}
 i - 2 scrolls of amnesia {!r}
 j - a scroll of fear {!r}
 l - 5 scrolls of teleportation {!r}
 q - a scroll of fog {!r}
 w - 6 scrolls of enchant armour {!r}
 y - 2 scrolls of enchant weapon {!r}


   Skills:
 - Level 0.1 Fighting
 - Level 1.5 Dodging
 - Level 1.5 Stealth
 + Level 11.8 Spellcasting
 * Level 11.8 Conjurations
 - Level 0.7 Summonings
 - Level 9.0 Necromancy
 - Level 0.7 Translocations
 + Level 4.9 Invocations


You had 11 spell levels left.
You knew the following spells:

 Your Spells              Type           Power        Failure   Level  Hunger
a - Bolt of Magma         Conj/Fire/Erth #####.....   22%         5    N/A
b - Call Imp              Summ           ###.....     4%          2    N/A
c - Animate Skeleton      Necr           N/A          1%          1    N/A
d - Fulminant Prism       Conj/Hex       #####.....   3%          4    N/A
e - Mephitic Cloud        Conj/Pois/Air  #####...     2%          3    N/A
f - Magic Dart            Conj           ####         1%          1    N/A
g - Passwall              Tmut/Erth      ###.....     6%          2    N/A
s - Conjure Flame         Conj/Fire      #####...     1%          3    N/A
v - Blink                 Tloc           N/A          4%          2    N/A

Your spell library contained the following spells:

 Spells                   Type           Power        Failure   Level  Hunger
 Cause Fear               Hex            ###.......   36%         4    N/A
 Lightning Bolt           Conj/Air       #####.....   10%         5    N/A
 Slow                     Hex            ###.....     6%          2    N/A
 Venom Bolt               Conj/Pois      #####.....   10%         5    N/A
 Teleport Other           Tloc           ###.....     9%          3    N/A
 Sticky Flame             Conj/Fire      #####...     3%          4    N/A
 Poison Arrow             Conj/Pois      #####.....   45%         6    N/A
 Sting                    Conj/Pois      ####         1%          1    N/A
 Spider Form              Tmut/Pois      ###.......   12%         3    N/A
 Blade Hands              Tmut           ###.......   71%         5    N/A
 Ice Form                 Ice/Tmut       ###.....     36%         4    N/A
 Shadow Creatures         Summ           N/A          99%         6    N/A
 Confusing Touch          Hex            ###...       3%          1    N/A
 Sticks to Snakes         Tmut           ###.....     6%          2    N/A
 Corona                   Hex            ###....      3%          1    N/A
 Portal Projectile        Hex/Tloc       ###...       10%         3    N/A
 Passage of Golubria      Tloc           N/A          28%         4    N/A
 Leda's Liquefaction      Hex/Erth       ###.......   36%         4    N/A
 Inner Flame              Hex/Fire       ###.....     12%         3    N/A
 Beastly Appendage        Tmut           ###...       3%          1    N/A
 Force Lance              Conj/Tloc      #####...     2%          4    N/A
 Spectral Weapon          Hex/Chrm       ###.....     12%         3    N/A
 Summon Forest            Summ/Tloc      ###.......   61%         5    N/A
 Spellforged Servitor     Conj/Summ      #####.....   94%         7    N/A
 Summon Mana Viper        Hex/Summ       ###.....     67%         5    N/A
 Yara's Violent Unravell  Hex/Tmut       ###.......   71%         5    N/A

Dungeon Overview and Level Annotations

Branches:
Dungeon (12/15)            Temple (0/1) D:6            Lair (0/6) D:11
    Orc: D:9-12

Altars:
Ashenzari
Cheibriados
Elyvilon
Gozag
Kikubaaqudgha
Makhleb
Okawaru
Qazlal
Ru
Sif Muna
Uskayaw
Vehumet
Wu Jian
Yredelemnul
Zin
The Shining One

Shops:
D:4 %   D:9 *}(=

Annotations:
D:8 Hebeh's ghost, novice DEFE


Innate Abilities, Weirdness & Mutations

You do not eat or drink.
Your flesh is vulnerable to fire.
You are immune to poison.
Your flesh is cold resistant. (rC+)
You are immune to negative energy. (rN+++)
You are immune to unholy pain and torment.
You can survive without breathing.


Message History

Aiming: Conjure Flame (safe; 1% risk of failure)
Press: ? - help, Dir - move target cursor The fire ignites!
Casting: Conjure Flame (safe; 1% risk of failure)
Confirm with . or Enter, or press ? or * to list all spells.
Aiming: Conjure Flame (safe; 1% risk of failure)
Press: ? - help, Dir - move target cursor The fire ignites!
You see here a hand axe.
Casting: Conjure Flame (safe; 1% risk of failure)
Confirm with . or Enter, or press ? or * to list all spells.
Aiming: Conjure Flame (safe; 1% risk of failure)
Press: ? - help, Dir - move target cursor The fire ignites!
Casting: Conjure Flame (safe; 1% risk of failure)
Confirm with . or Enter, or press ? or * to list all spells.
Aiming: Bolt of Magma (slightly dangerous; 22% risk of failure)
Press: ? - help, Shift-Dir - straight line, f - skeletal warrior
Aim: a skeletal warrior, wielding a scimitar (flame)
The bolt of magma hits the skeletal warrior.
The skeletal warrior is heavily damaged.
The skeletal warrior is engulfed in blazing flames.
Casting: Bolt of Magma (slightly dangerous; 22% risk of failure)
Confirm with . or Enter, or press ? or * to list all spells.
Aiming: Bolt of Magma (slightly dangerous; 22% risk of failure)
Press: ? - help, Shift-Dir - straight line, f/p - skeletal warrior
Aim: a skeletal warrior, wielding a scimitar (flame, heavily damaged)
You miscast Bolt of Magma.
Sif Muna protects you from the effects of your miscast!
The skeletal warrior is engulfed in blazing flames.
The skeletal warrior hits you but does no damage.
Casting: Bolt of Magma (slightly dangerous; 22% risk of failure)
Confirm with . or Enter, or press ? or * to list all spells.
Aiming: Bolt of Magma (slightly dangerous; 22% risk of failure)
Press: ? - help, Shift-Dir - straight line, f/p - skeletal warrior
Aim: a skeletal warrior, wielding a scimitar (flame, severely damaged)
The bolt of magma hits the skeletal warrior.
The skeletal warrior is almost destroyed.
The skeletal warrior is engulfed in blazing flames.
The skeletal warrior hits you with a scimitar!
Casting: Bolt of Magma (slightly dangerous; 22% risk of failure)
Confirm with . or Enter, or press ? or * to list all spells.
Aiming: Bolt of Magma (slightly dangerous; 22% risk of failure)
Press: ? - help, Shift-Dir - straight line, f/p - skeletal warrior
Aim: a skeletal warrior, wielding a scimitar (flame, almost destroyed)
You miscast Bolt of Magma.
Sif Muna protects you from the effects of your miscast!
Sif Muna grants you divine energy.
You briefly lose access to your magic!
The skeletal warrior hits you with a scimitar!!
* * * LOW HITPOINT WARNING * * *
You are unable to access your magic!
You are unable to access your magic!
You hit the skeletal warrior but do no damage.
The skeletal warrior is almost destroyed.
The skeletal warrior is engulfed in blazing flames.
The skeletal warrior hits you with a scimitar!!
* * * LOW HITPOINT WARNING * * *
Unknown command.
You hit the skeletal warrior but do no damage.
The skeletal warrior is almost destroyed.
The skeletal warrior is engulfed in blazing flames.
The skeletal warrior hits you with a scimitar!!
You die...

#......#..# .# #......#..#
..# #......)..######..#
#......#..........# ...
#......#..........# ..
#......#.<.)......# #.
#.######..........#
#.##.#######)........# ...
#..........#@[.......# ...
#..........#z......[.#
....#..........#§#######.#
....#..........#§....).).#
....###)########.....[...#
.......).........).......#
..(........<..[........[.#
#....†...................#
..............=..........#


You could see a skeletal warrior.

Vanquished Creatures
  3 two-headed ogres
  A centaur warrior (D:9)
  A tengu warrior (D:12)
  3 skeletal warriors
  An unseen horror (D:11)
  The ghost of Paulus the Skirmisher, a novice HOAr (D:6)
  The ghost of Icoudieg the Zephyrmancer, a novice TeAE of Sif Muna (D:9)
  An ugly thing (D:12)
  Maurice (D:10)
  Psyche (D:8)
  A gargoyle (D:10)
  A troll (D:9)
  A hippogriff (D:7)
  A wraith (D:12)
  A wyvern (D:9)
  A vampire (D:9)
  Eustachio (D:4)
  A human (D:12)
  8 yaks
  A warg (D:12)
  2 porcupines (D:11)
  A water moccasin (D:9)
  A black bear (D:11)
  7 orc warriors
  3 sky beasts
  3 slaves
  7 ogres
  2 phantoms
  3 ice beasts
  2 centaurs
  A big kobold (D:8)
  6 bullfrogs
  3 gnoll sergeants
  6 scorpions
  A wight (D:8)
  11 killer bees
  A howler monkey (D:6)
  A spectral bullfrog (D:8)
  2 quasits
  A bullfrog zombie (D:10)
  3 crimson imps
  A centaur zombie (D:5)
  3 jellies
  2 bullfrog skeletons
  4 centaur skeletons
  13 orc priests
  4 hounds
  3 iron imps
  14 orc wizards
  3 iguanas
  9 worker ants
  A killer bee zombie (D:10)
  2 hound skeletons
  A hound zombie (D:7)
  2 worker ant zombies
  8 gnolls (D:9)
  13 adders
  2 shadow imps
  2 oozes
  An adder skeleton (D:7)
  An adder zombie (D:7)
  2 worms
  2 dart slugs (D:1)
  4 leopard geckos
  49 orcs
  2 giant cockroaches
  12 hobgoblins
  15 jackals
  4 kobolds
  2 quokkas
  2 ball pythons
  6 bats
  4 frilled lizards
  13 goblins
  A jackal skeleton (D:4)
  A jackal zombie (D:7)
  A leopard gecko skeleton (D:8)
  2 quokka zombies
  7 rats
  A plant (D:11)
317 creatures vanquished.

Vanquished Creatures (collateral kills)
  Pikel (D:4)
  A killer bee (D:9)
  An orc (D:3)
3 creatures vanquished.

Vanquished Creatures (others)
  An orc (D:4)
  A fulminant prism (D:9)
  12 fungi (D:11)
  5 plants
19 creatures vanquished.

Grand Total: 339 creatures vanquished

Notes
Turn   | Place    | Note
-------+----------+-------------------------------------------
     0 | D:1      | Amnesiac the Mummy Wizard began the quest for the Orb.
     0 | D:1      | Reached XP level 1. HP: 13/13 MP: 5/5
    77 | D:2      | Found a radiant altar of Vehumet.
    77 | D:2      | Found an ancient bone altar of Kikubaaqudgha.
    78 | D:2      | Found a deep blue altar of Sif Muna.
    83 | D:2      | Identified Kikubaaqudgha's Almanac of Sinister Magic
   119 | D:2      | Became a worshipper of Sif Muna the Loreminder
   188 | D:1      | Reached skill level 1 in Conjurations
   472 | D:1      | Reached XP level 2. HP: 19/19 MP: 0/7
   555 | D:1      | Learned a level 2 spell: Call Imp
  1181 | D:2      | Reached XP level 3. HP: 13/24 MP: 1/8
  1186 | D:2      | Learned a level 3 spell: Conjure Flame
  1190 | D:2      | Learned a level 3 spell: Mephitic Cloud
  1291 | D:2      | Reached * piety under Sif Muna
  1612 | D:2      | Found a stormy altar of Qazlal.
  1641 | D:2      | Reached XP level 4. HP: 27/30 MP: 2/10
  1801 | D:2      | Found a basalt altar of Yredelemnul.
  2119 | D:3      | Reached XP level 5. HP: 15/35 MP: 1/11
  2122 | D:3      | Learned a level 1 spell: Animate Skeleton
  2125 | D:3      | Learned a level 2 spell: Blink
  2214 | D:3      | Reached skill level 1 in Necromancy
  2318 | D:3      | Found a burning altar of Makhleb.
  2710 | D:3      | Found a glowing golden altar of the Shining One.
  3114 | D:3      | HP: 1/35 [orc (4)]
  3495 | D:3      | Reached ** piety under Sif Muna
  3495 | D:3      | Reached XP level 6. HP: 36/41 MP: 4/12
  3615 | D:5      | Entered Level 5 of the Dungeon
  3616 | D:5      | Found an ornate altar of the Wu Jian Council.
  3681 | D:4      | Noticed a slave
  3717 | D:4      | Killed a slave
  4073 | D:4      | Noticed a slave
  4073 | D:4      | Noticed a slave
  4091 | D:4      | Killed a slave
  4191 | D:4      | Reached XP level 7. HP: 17/46 MP: 0/14
  4413 | D:4      | Found a snail-covered altar of Cheibriados.
  4704 | D:4      | Noticed Pikel
  4730 | D:4      | Killed Pikel
  4730 | D:4      | Reached skill level 5 in Spellcasting
  4730 | D:4      | Reached skill level 5 in Conjurations
  4921 | D:4      | Reached XP level 8. HP: 49/52 MP: 5/16
  5081 | D:4      | Reached *** piety under Sif Muna
  5100 | D:4      | Found Feaxeigh's Food Emporium.
  5423 | D:5      | Found a white marble altar of Elyvilon.
  5553 | D:5      | Reached skill level 5 in Necromancy
  5724 | D:5      | Noticed Eustachio
  5862 | D:4      | Killed Eustachio
  6481 | D:6      | Found an iron altar of Okawaru.
  6508 | D:6      | Reached **** piety under Sif Muna
  6666 | D:6      | Reached XP level 9. HP: 51/57 MP: 19/19
  6878 | D:6      | You fall through a shaft for 3 floors!
  7070 | D:9      | Reached ***** piety under Sif Muna
  7113 | D:9      | Identified Ahosch's Grimoire of Conjuration (Sif Muna gifted it to you on level 9 of the Dungeon)
  7113 | D:9      | Received a gift from Sif Muna
  7367 | D:9      | Found a glowing silver altar of Zin.
  7373 | D:9      | Found an opulent altar of Gozag.
  7423 | D:9      | Found Xuidghi's Weapon Emporium.
  7665 | D:6      | Found a staircase to the Ecumenical Temple.
  7672 | D:6      | Found a runed door.
  7674 | D:6      | Noticed Paulus's ghost (novice HOAr)
  7805 | D:6      | Killed Paulus's ghost
  8153 | D:7      | Reached XP level 10. HP: 56/63 MP: 22/22
  8263 | D:7      | Found a sacrificial altar of Ru.
  8783 | D:8      | Noticed Psyche
  8803 | D:8      | Killed Psyche
  8933 | D:8      | Noticed a two-headed ogre
  8965 | D:8      | Killed a two-headed ogre
  9067 | D:8      | Found a runed gate.
  9068 | D:8      | Found a runed gate.
  9068 | D:8      | Found a runed gate.
  9070 | D:8      | Noticed Hebeh's ghost (novice DEFE)
  9164 | D:8      | Found a white marble altar of Elyvilon.
  9189 | D:8      | Found a shattered altar of Ashenzari.
  9194 | D:8      | Found a hide-covered altar of Uskayaw.
  9215 | D:8      | Noticed a two-headed ogre
  9234 | D:8      | Killed a two-headed ogre
  9234 | D:8      | Identified Sif Muna's Incunabulum of Supportive Venom (Sif Muna gifted it to you on level 8 of the Dungeon)
  9234 | D:8      | Received a gift from Sif Muna
  9234 | D:8      | Reached skill level 10 in Conjurations
  9249 | D:8      | Learned a level 4 spell: Fulminant Prism
  9518 | D:9      | Found Hyhamos's Gadget Shop.
  9525 | D:9      | Reached skill level 10 in Spellcasting
  9692 | D:9      | Reached skill level 1 in Invocations
  9902 | D:9      | Found Rotaw's Jewellery Shoppe.
 10025 | D:9      | Found Daufun's General Store.
 10084 | D:9      | Found a runed door.
 10085 | D:9      | Noticed a centaur warrior
 10086 | D:9      | Noticed Icoudieg's ghost (novice TeAE)
 10270 | D:9      | Killed Icoudieg's ghost
 10270 | D:9      | Reached XP level 11. HP: 47/68 MP: 15/25
 10397 | D:9      | Killed a centaur warrior
 10427 | D:9      | Identified the Grimoire of the Ensnaring Mountains
 10489 | D:10     | Entered Level 10 of the Dungeon
 10489 | D:10     | Noticed Maurice
 10606 | D:10     | Noticed a two-headed ogre
 10623 | D:10     | Killed a two-headed ogre
 10702 | D:10     | Learned a level 5 spell: Bolt of Magma
 10930 | D:10     | Killed Maurice
 12997 | D:11     | Found a staircase to the Lair.
 13451 | D:11     | Identified Sif Muna's Handbook of the Ageless Lovers (Sif Muna gifted it to you on level 11 of the Dungeon)
 13451 | D:11     | Received a gift from Sif Muna
 13456 | D:11     | Learned a level 2 spell: Passwall
 13649 | D:12     | Noticed a skeletal warrior
 13675 | D:11     | Killed a skeletal warrior
 14622 | D:11     | Killed an unseen horror
 14712 | D:12     | Noticed a skeletal warrior
 14725 | D:12     | Killed a skeletal warrior
 14792 | D:12     | Noticed a skeletal warrior
 14840 | D:12     | Noticed a tengu warrior
 15095 | D:12     | Noticed a cyan ugly thing
 15103 | D:12     | Killed a cyan ugly thing
 15140 | D:12     | Killed a tengu warrior
 15140 | D:12     | Reached XP level 12. HP: 64/74 MP: 0/27
 15710 | D:12     | HP: 3/74 [skeletal warrior/scimitar[a skeletal warrior] (21)]
 15711 | D:12     | Demolished by a skeletal warrior

Vault maps used:
D:1:      dpeg_arrival_solitude, grunt_decor_mini_mirrors,
          hangedman_abyss_or_decor_stabs, chequers_big_river
D:2:      grunt_temple_overflow_magic_moments, lemuel_round_altar,
          nicolae_qazlal_general_emergency
D:3:      demons_altar, first_ration, minmay_fountain_box,
          nicolae_tso_carved_into_rock
D:4:      old_standard_altar, serial_shops, shop, uniq_pikel
D:5:      nicolae_overflow_crystal_walls, basic_altar, minmay_ogre_servants,
          uniq_eustachio
D:6:      minmay_temple_entry_hall, gammafunk_ghost_grave, okawaru_gym_becter
D:7:      minivault_22, nicolae_ru_sacrificial_ziggurat
D:8:      minmay_overflow_temple_star_quad, gammafunk_ghost_necromancy,
          blue_anna_alchemist, sword_in_stone, uniq_psyche
D:9:      grunt_temple_overflow_gold_and_silver, ebering_ghost_inner_flame,
          serial_shops, shop, nicolae_shop_behind_doors, shop,
          nicolae_shop_behind_doors
D:10:     st_stairs_11, uniq_maurice
D:11:     grunt_lair_entry_orc_guard_hut
D:12:     erik_orc_4, disabler_island

Skill      XL: |  1  2  3  4  5  6  7  8  9 10 11 |
---------------+----------------------------------+-----
Conjurations   | 1 2 3 4 5 7 8 10 11 | 11.8
Necromancy     | 3 4 5 7 8 9 |  9.0
Spellcasting   | 5 7 8 10 11 | 11.8
Invocations    | 1 4 |  4.9
Fighting       | |  0.1
Dodging        | |  1.5
Stealth        | |  1.5
Summonings     | |  0.7
Translocations | |  0.7

Action                   |  1- 3 |  4- 6 |  7- 9 | 10-12 || total
-------------------------+-------+-------+-------+-------++-------
Melee: Spear             |    69 |    88 |    10 |   190 ||   357
       Rapier            |       |       |   296 |    13 ||   309
       Staff             |       |       |       |   105 ||   105
 Cast: Magic Dart        |    72 |   194 |    51 |    36 ||   353
       Mephitic Cloud    |     5 |    11 |    31 |    24 ||    71
       Call Imp          |       |     2 |     1 |       ||     3
       Conjure Flame     |       |     4 |    10 |    44 ||    58
       Blink             |       |       |     1 |     3 ||     4
       Animate Skeleton  |       |       |     1 |       ||     1
       Bolt of Magma     |       |       |       |   142 ||   142
       Fulminant Prism   |       |       |       |     1 ||     1
Invok: Divine Energy     |     1 |       |       |       ||     1
Evoke: Wand              |       |       |     9 |     3 ||    12
  Use: Scroll            |       |       |    12 |     9 ||    21
 Stab: Confused          |     4 |     2 |    12 |     7 ||    25
       Sleeping          |       |       |       |     1 ||     1
Armor: Robe              |    18 |    12 |    78 |   213 ||   321
Dodge: Dodged            |    38 |    83 |   195 |   229 ||   545
Block: Shield            |       |       |       |     9 ||     9

Table legend:
 A = Spawn XP
 B = Non-spawn XP
 C = Spawn XP percentage of total XP
 D = Spawn monster count
 E = Non-spawn monster count
 F = Spawn count percentage of total count
 G = Total turns spent on level
                    A         B        C        D         E        F      G
               +---------+---------+-------+---------+---------+-------+---------
         Total |       0 |   24363 |   0.0 |       0 |     316 |   0.0 | 15711
               +---------+---------+-------+---------+---------+-------+---------
           D:1 |       0 |      32 |   0.0 |       0 |      18 |   0.0 |  1072
           D:2 |       0 |     123 |   0.0 |       0 |      23 |   0.0 |  1097
           D:3 |       0 |     261 |   0.0 |       0 |      34 |   0.0 |  1730
           D:4 |       0 |    1378 |   0.0 |       0 |      21 |   0.0 |  1636
           D:5 |       0 |     502 |   0.0 |       0 |      26 |   0.0 |   871
           D:6 |       0 |    1167 |   0.0 |       0 |      15 |   0.0 |   702
           D:7 |       0 |     800 |   0.0 |       0 |      24 |   0.0 |   784
           D:8 |       0 |    3494 |   0.0 |       0 |      25 |   0.0 |  1077
           D:9 |       0 |    4535 |   0.0 |       0 |      44 |   0.0 |  1547
          D:10 |       0 |    3565 |   0.0 |       0 |      37 |   0.0 |  2223
          D:11 |       0 |    4007 |   0.0 |       0 |      26 |   0.0 |  2017
          D:12 |       0 |    4499 |   0.0 |       0 |      23 |   0.0 |   955
               +---------+---------+-------+---------+---------+-------+---------
